 Seeded DCSS version 0.28-a0-1339-ga5422284a4 (webtiles) character file.

Game seed: 12130800008223909736 (custom seed)

2492 croobank the Covert (level 9, -9/70 (74) HPs)
             Began as a Gnoll Delver on Dec 28, 2021.
             Was an Initiate of Gozag.
             Mangled by a wight (11 damage)
             ... on level 8 of the Dungeon.
             The game lasted 00:48:12 (9495 turns).

croobank the Covert (Gnoll Delver)                  Turns: 9495, Time: 00:48:12

HP:   -9/70 (74)    AC: 11    Str: 11    XL:     9   Next: 52%
MP:   15/15         EV: 11    Int: 13    God:    Gozag
Gold: 482           SH:  0    Dex: 19    Spells: 11/16 levels left

rFire   + . .      SeeInvis .   a - +0 trident
rCold   + + .      Faith    .   q - orb {*channel}
rNeg    . . .      Spirit   .   j - +3 scale mail
rPois   .          Reflect  .   (no helmet)
rElec   .          Harm     .   (no cloak)
rCorr   .          Rampage  .   A - +0 pair of gloves of the Constellations {rF+ rC++ Dex+4}
Will    .....                   (no boots)
Stlth   +++.......              (no amulet)
HPRegen 0.21/turn               r - ring of wizardry
MPRegen 0.14/turn               (no ring)

@: drained
A: fangs 1, strong nose, distributed training
a: Renounce Religion, Potion Petition, Call Merchant, Bribe Branch


You were on level 8 of the Dungeon.
You worshipped Gozag.
Gozag was aware of your devotion.
You visited 2 branches of the dungeon, and saw 9 of its levels.

You collected 547 gold pieces.
You paid 65 gold pieces to Gozag.

Inventory:

Hand Weapons
 a - a +0 trident (weapon)
 b - a +0 hunting sling
 l - a +0 hand axe
 y - a +1 dagger of draining
Missiles
 i - 239 stones
 k - 5 boomerangs
 m - 69 poisoned darts (quivered)
 o - 50 arrows
 s - 18 bolts
 t - 27 sling bullets
Armour
 d - a +0 leather armour
 j - a +3 scale mail (worn)
 n - a +1 kite shield of resistance
 q - an orb of energy (worn)
 A - the +0 pair of gloves of the Constellations (worn) {rF+ rC++ Dex+4}
   (You found it on level 4 of the Dungeon)

   Dex:       It affects your dexterity (+4).
   rF:        It protects you from fire.
   rC:        It greatly protects you from cold.
Magical Staves
 w - a staff of earth
Jewellery
 r - a ring of wizardry (left hand)
 B - an amulet of magic regeneration
Wands
 g - a wand of digging (3)
 v - a wand of flame (19)
Scrolls
 c - 2 scrolls of fog
 e - a scroll of silence {silence, unknown}
 h - 7 scrolls of identify {identify, unknown}
 p - 3 scrolls of vulnerability {torment, unknown}
 C - a scroll of blinking {blinking, unknown}
 E - a scroll of amnesia {amnesia, unknown}
Potions
 u - 6 potions of curing {curing, unknown}
 x - a potion of cancellation {cancellation, unknown}
 z - a potion of degeneration {degeneration, unknown}
 D - a potion of heal wounds {heal wounds, unknown}
 F - a potion of lignification {lignification, unknown}


   Skills:
 + Level 7.9 Fighting
 + Level 4.3 Short Blades
 + Level 4.3 Long Blades
 + Level 4.3 Axes
 + Level 4.3 Maces & Flails
 + Level 6.3 Polearms
 + Level 4.3 Staves
 + Level 4.3 Slings
 + Level 4.3 Bows
 + Level 4.3 Crossbows
 + Level 4.3 Throwing
 + Level 4.3 Armour
 + Level 6.3 Dodging
 + Level 10.5 Stealth
 + Level 4.3 Shields
 + Level 4.3 Unarmed Combat
 + Level 4.3 Spellcasting
 + Level 3.5 Conjurations
 + Level 3.5 Hexes
 + Level 3.5 Summonings
 + Level 3.5 Necromancy
 + Level 3.5 Translocations
 + Level 3.5 Transmutations
 + Level 3.5 Fire Magic
 + Level 3.5 Ice Magic
 + Level 3.5 Air Magic
 + Level 3.5 Earth Magic
 + Level 3.5 Poison Magic
 + Level 4.7 Invocations
 + Level 4.3 Evocations


You had 11 spell levels left.
You knew the following spells:

 Your Spells              Type           Power      Damage    Failure   Level
a - Fireball              Conj/Fire      6%         3d5       93%         5

Your spell library contained the following spells:

 Spells                   Type           Power      Damage    Failure   Level
 Iskenderun's Battlesphe  Conj           12%        2d7       93%         5
 Conjure Ball Lightning   Conj/Air       6%         3x3d6     100%        6
 Orb of Destruction       Conj           6%         9d3       100%        7


Dungeon Overview and Level Annotations

Branches:
Dungeon (8/15)             Temple (1/1) D:4
   Lair: D:8-11

Altars:
Ashenzari
Cheibriados
Dithmenos
Elyvilon
Fedhas
Gozag
Hepliaklqana
Kikubaaqudgha
Makhleb
Nemelex Xobeh
Okawaru
Ru
Sif Muna
Trog
Uskayaw
Vehumet
Wu Jian
Yredelemnul
Zin
The Shining One

Shops:
D:1 *   D:2 =   D:3 !

Annotations:
D:4 1 runed translucent door, ReploidZero's ghost, novice KoBr


Innate Abilities, Weirdness & Mutations

You have very sharp teeth.
Your uncanny sense of smell can sniff out nearby items.
Your experience applies equally to all skills.


Message History

An ice beast and a wight come into view.
Found a short sword.
The wight hits you with a +5 scimitar!
You hit the wight. You bite the wight, but do no damage.
The wight is lightly damaged.
The wight hits you with a +5 scimitar.
You feel drained.
You closely miss the wight.
The wight is lightly damaged.
The wight hits you with a +5 scimitar!
You feel drained.
You closely miss the wight. Your bite misses the wight.
The wight is lightly damaged.
The wight hits you with a +5 scimitar.
You feel drained.
You barely miss the wight.
The wight is lightly damaged.
The wight hits you with a +5 scimitar!
You puncture the wight!
The wight is severely damaged.
The wight closely misses you.
You hit the wight.
The wight is almost destroyed.
The wight hits you with a +5 scimitar.
You closely miss the wight.
The wight is almost destroyed.
The wight closely misses you.
You hit the wight but do no damage.
The wight is almost destroyed.
The wight hits you with a +5 scimitar.
You hit the wight.
The wight is almost destroyed.
The wight hits you with a +5 scimitar!
* * * LOW HITPOINT WARNING * * *
You barely miss the wight.
The wight is almost destroyed.
The wight hits you with a +5 scimitar!
* * * LOW HITPOINT WARNING * * *
As you read the scroll of fear, it crumbles to dust.
You assume a fearsome visage.
The wight is unaffected.
The ice beast resists with some effort.
The wight hits you with a +5 scimitar!
You die...
Your body crumbles into a pile of gold.

..### ....#
......###...###
...###........#
..............###.
###.#..).........
# ##.#.).#.###.
####.##.#.<.# #
.Y)...z.#..##
.......@...#
####.#####..... #.
.....# # ######


You could see an ice beast (asleep) and a wight.

Vanquished Creatures
  Sigmund (D:3)
  Eustachio (D:4)
  2 water moccasins (D:6)
  Duvessa (D:4)
  An orc warrior (D:7)
  2 black bears
  A centaur (D:6)
  A necrophage (D:7)
  An ogre (D:7)
  3 phantoms
  4 bullfrogs
  2 scorpions
  Dowan (D:4)
  A water moccasin skeleton (D:7)
  2 wights (D:8)
  An electric eel (D:6)
  3 howler monkeys
  A centaur zombie (D:6)
  2 hounds (D:6)
  3 orc wizards
  Ijyb (D:3)
  2 scorpion zombies (D:5)
  10 adders
  A shadow imp (D:7)
  An ufetubus (D:4)
  A worm (D:3)
  A dart slug (D:1)
  13 orcs
  8 ball pythons
  5 endoplasms
  4 giant cockroaches
  4 goblins
  5 hobgoblins
  4 jackals (D:4)
  5 quokkas
  6 bats
  3 frilled lizards (D:1)
  2 kobolds (D:1)
  5 rats
115 creatures vanquished.

Vanquished Creatures (others)
  7 plants
7 creatures vanquished.

Grand Total: 122 creatures vanquished

Notes
Turn   | Place    | Note
-------+----------+-------------------------------------------
     0 | D:5      | Reached skill level 9 in Stealth
     0 | D:5      | croobank the Gnoll Delver began the quest for the Orb.
     0 | D:5      | Reached XP level 1. HP: 23/23 MP: 1/1
     9 | D:5      | Noticed a howler monkey
    47 | D:5      | Found a sparkling altar of Nemelex Xobeh.
    60 | D:5      | Reached XP level 2. HP: 27/29 MP: 2/2
   136 | D:5      | Noticed a scorpion
   158 | D:5      | Noticed a phantom
   208 | D:5      | Reached XP level 3. HP: 15/35 MP: 2/4
   435 | D:5      | Reached skill level 1 in Short Blades
   435 | D:5      | Reached skill level 1 in Long Blades
   435 | D:5      | Reached skill level 1 in Axes
   435 | D:5      | Reached skill level 1 in Maces & Flails
   435 | D:5      | Reached skill level 1 in Staves
   435 | D:5      | Reached skill level 1 in Slings
   435 | D:5      | Reached skill level 1 in Bows
   435 | D:5      | Reached skill level 1 in Crossbows
   435 | D:5      | Reached skill level 1 in Throwing
   435 | D:5      | Reached skill level 1 in Armour
   435 | D:5      | Reached skill level 1 in Shields
   435 | D:5      | Reached skill level 1 in Unarmed Combat
   435 | D:5      | Reached skill level 1 in Spellcasting
   435 | D:5      | Reached skill level 1 in Invocations
   435 | D:5      | Reached skill level 1 in Evocations
   435 | D:5      | Reached XP level 4. HP: 27/41 MP: 5/5
   521 | D:3      | Noticed Ijyb
   924 | D:1      | Found Wisoshren's General Store.
   953 | D:1      | Reached skill level 1 in Conjurations
   953 | D:1      | Reached skill level 1 in Hexes
   953 | D:1      | Reached skill level 1 in Summonings
   953 | D:1      | Reached skill level 1 in Necromancy
   953 | D:1      | Reached skill level 1 in Translocations
   953 | D:1      | Reached skill level 1 in Transmutations
   953 | D:1      | Reached skill level 1 in Fire Magic
   953 | D:1      | Reached skill level 1 in Ice Magic
   953 | D:1      | Reached skill level 1 in Air Magic
   953 | D:1      | Reached skill level 1 in Earth Magic
   953 | D:1      | Reached skill level 1 in Poison Magic
  1709 | D:2      | Found a faded altar of an unknown god.
  1760 | D:2      | Found Tueluf's Jewellery Shoppe.
  2122 | D:2      | Reached XP level 5. HP: 47/47 MP: 6/6
  2400 | D:3      | Noticed Sigmund
  2410 | D:3      | Killed Sigmund
  2411 | D:3      | Reached XP level 6. HP: 36/53 MP: 8/8
  2419 | D:3      | Reached skill level 5 in Polearms
  2419 | D:3      | Reached skill level 5 in Dodging
  2697 | D:3      | Killed Ijyb
  2848 | D:3      | Found Couciofe's Distillery.
  3271 | D:4      | Reached XP level 7. HP: 45/51 MP: 10/10
  3500 | D:4      | Found a runed translucent door.
  3503 | D:4      | Noticed ReploidZero's ghost (novice KoBr)
  3642 | D:4      | Identified the +0 pair of gloves of the Constellations {rF+
                  | rC++ Dex+4}
  3760 | D:4      | Noticed Eustachio
  3784 | D:4      | Killed Eustachio
  4055 | D:4      | Noticed Duvessa
  4055 | D:4      | Noticed Dowan
  4268 | D:4      | Killed Duvessa
  4269 | D:4      | Reached skill level 10 in Stealth
  4279 | D:4      | Killed Dowan
  4788 | D:4      | Found a staircase to the Ecumenical Temple.
  4797 | Temple   | Entered the Ecumenical Temple
  4820 | Temple   | Became a worshipper of Gozag Ym Sagoz the Greedy
  5074 | D:5      | Reached XP level 8. HP: 63/67 MP: 12/12
  6927 | D:6      | Reached XP level 9. HP: 72/72 MP: 14/14
  8462 | D:7      | Learned a level 5 spell: Fireball
  9494 | D:8      | HP: 2/70 [wight (13)]
  9495 | D:8      | Mangled by a wight

Illustrated notes

Levels and vault maps discovered:
D:1:      grunt_arrival_crossed_arrows, layout_loops_ring, serial_shops, shop,
          chequers_serial_rivers_micro_b
D:2:      layout_basic, serial_shops, shop,
          shapermc_ecumenical_altar_mp_urbaneastern
D:3:      layout_loops_cross, serial_shops, shop_statue, uniq_ijyb, uniq_sigmund
D:4:      layout_basic, lemuel_temple_firewalk_a, ebering_ghost_reflecting_pool,
          uniq_eustachio, uniq_duvessa
D:5:      layout_loops_cross, mainiacjoe_overflow_paths
D:6:      layout_layer_cave, chequers_big_river, dk_noncrumbling_4
D:7:      layout_loops_corners
D:8:      layout_loops_ring, mainiacjoe_overflow_concentric_impassable,
          gup_ossuary_entry_pyramid
Temple:   mainiacjoe_temple_bowtie_tessellation

Skill      XL: |  1  2  3  4  5  6  7  8  9 |
---------------+----------------------------+-----
Stealth        | 10 | 10.5
Short Blades   | 1 2 3 4 |  4.3
Long Blades    | 1 2 3 4 |  4.3
Axes           | 1 2 3 4 |  4.3
Maces & Flails | 1 2 3 4 |  4.3
Staves         | 1 2 3 4 |  4.3
Slings         | 1 2 3 4 |  4.3
Bows           | 1 2 3 4 |  4.3
Crossbows      | 1 2 3 4 |  4.3
Throwing       | 1 2 3 4 |  4.3
Armour         | 1 2 3 4 |  4.3
Shields        | 1 2 3 4 |  4.3
Unarmed Combat | 1 2 3 4 |  4.3
Spellcasting   | 1 2 3 4 |  4.3
Invocations    | 1 2 3 4 |  4.7
Evocations     | 1 2 3 4 |  4.3
Conjurations   | 1 2 3 |  3.5
Hexes          | 1 2 3 |  3.5
Summonings     | 1 2 3 |  3.5
Necromancy     | 1 2 3 |  3.5
Translocations | 1 2 3 |  3.5
Transmutations | 1 2 3 |  3.5
Fire Magic     | 1 2 3 |  3.5
Ice Magic      | 1 2 3 |  3.5
Air Magic      | 1 2 3 |  3.5
Earth Magic    | 1 2 3 |  3.5
Poison Magic   | 1 2 3 |  3.5
Polearms       | 5 6 |  6.3
Dodging        | 5 6 |  6.3
Fighting       | 7 |  7.9

Action                   |  1- 3 |  4- 6 |  7- 9 || total
-------------------------+-------+-------+-------++-------
Melee: Spear             |    35 |    64 |       ||    99
       Bite              |     4 |    12 |    31 ||    47
       Trident           |       |    87 |   347 ||   434
 Fire: Hunting sling     |       |     7 |    72 ||    79
Throw: Boomerang         |     6 |    18 |       ||    24
       Dart              |       |       |     6 ||     6
Evoke: Wand              |       |       |    10 ||    10
  Use: Scroll            |     1 |     4 |     3 ||     8
       Potion            |       |     2 |     5 ||     7
 Stab: Sleeping          |     2 |    20 |     5 ||    27
Armor: Leather armour    |     1 |     7 |       ||     8
       Scale mail        |       |    28 |   132 ||   160
Dodge: Dodged            |    15 |    70 |   185 ||   270

Table legend: (Time is in decaauts)
 A = Elapsed time spent in this place.
 B = Non-inter-level travel time spent in this place.
 C = Inter-level travel time spent in this place.
 D = Time resting spent in this place.
 E = Time spent auto-exploring this place.
 F = Levels seen in this place.
 G = Mean time per level.
                   A        B        C        D        E       F      G
               +--------+--------+--------+--------+--------+-----+--------+
         Total |   9432 |   9226 |    206 |   2711 |   4273 |   9 | 1048.0 |
       Dungeon |   9221 |   9036 |    185 |   2711 |   4106 |   8 | 1152.6 |
        Temple |    210 |    189 |     21 |      0 |    167 |   1 |  210.0 |
               +--------+--------+--------+--------+--------+-----+--------+

Top non-repeatable levels by time:
     D:6: 2312 daAuts
     D:4: 1745 daAuts
     D:7: 1550 daAuts
     D:2: 1065 daAuts
     D:5: 979 daAuts
     D:3: 786 daAuts
     D:1: 715 daAuts
  Temple: 210 daAuts
     D:8: 66 daAuts
